[Event "*** Titled Tuesday Blitz AM"]
[Site "Chess.com"]
[Date "2020.01.07"]
[Round "2"]
[White "Supernotar"]
[Black "David_Paravyan"]
[Result "0-1"]
[WhiteElo "2587"]
[BlackElo "2865"]
[TimeControl "180+2"]
[EndTime "9:28:40 PST"]
[Termination "David_Paravyan won by checkmate"]

1. d4 Nf6 2. c4 g6 3. Nc3 Bg7 4.
e4 d6 5. Be2 e5 6. Nf3 O-O 7. O-O Bg4 8. d5 a5 9. Ne1 Bd7 10. Be3 Na6 11. Nd3 b6 12. a3 a4 13. f3 Nc5 14. Nxc5 bxc5 15. Bd3 Nh5 16. Bc2 f5 17. Rb1 Qe8 18. b3 axb3 19. Rxb3 f4 20. Bf2 Nf6 21. Bd3 g5 22. Be2 h5 23. Kh1 g4 24. Bh4 Qg6 25. Rg1 Nh7 26. Rb7 Bf6 27. Rxc7 Rf7 28. Qe1 Rg7 29. Nb5 g3 30. Bxf6 Qxf6 31.
Rxd7 Rxd7 32. h3 Ng5 33. Qd2 Qd8 34. Ra1 Nf7 35. a4 Qa5 36. Qxa5 Rxa5 37. Bd1 Kf8 38.
Bb3 Ke7 39. Kg1 Nh6 40. Kf1 Ng8 41. Ke2 Nf6 42. Kd3 Rd8 43. Rb1 Rb8 44. Kc3 Nd7 45.
Ra1 Nb6 46. Kc2 Kd7 47. Nc3 Rba8 48. Kb2 Rb8 49. Nb5 Rba8 50. Nc3 Ke7 51. Kc2 Nd7 52. Kb2 Nb8 53. Nb5 Na6 54. Kc3 Kd7 55. Kd2 Rb8 56. Kc3 Nc7 57. Ra2 Ne8 58. Ra1 Nf6 59. Ra2 Ng8 60.
Ra1 Ne7 61. Ra2 Ng6 62. Ra1 Rc8 63. Rg1 Nh4 64. Bc2 Rca8 65. Bb3 R5a6 66. Kb2 Kc8 67. Nc3 Kb7 68. Kc2 Kb6 69. Nb5 Ka5 70. Kc3 Rb8 71.
Bc2 Rc8 72. Bb3 Kb6 73. Nxd6 Rca8 74. Nb5 Kb7 75. Bc2 Kc8 76. Bb3 Kd7 77. Bc2 Rg6 78. Bd1 Rgg8 79. Bb3 Ra6 80. Bd1 Rga8 81. Bb3 Rb8 82.
Kc2 Ke7 83. Kc3 Kd8 84. Kc2 Kd7 85. Kc3 Ng6 86. Ra1 Ne7 87. Ra2 Nc8 88. Bd1 Rba8 89. Kb2 Nb6 90. a5 Nxc4+ 91. Kc3 Rxa5 92. Rxa5 Nxa5 93. Na3 Rb8 94. Ba4+ Ke7 95. Nb5 Nb7 96. Nc7 Nd6 97. Bc2 Rb6 98. Ne6 Ra6 99. Ng7 Ra1 100.
Nxh5 Rg1 101. Ng7 Rxg2 102. h4 Rxc2+ 103. Kxc2 g2 104. h5 g1=Q 105. h6 Qh2+ 106. Kb3 Qxh6 107. Nf5+ Nxf5 108.
exf5 Qb6+ 109. Kc4 Qb4+ 110. Kd3 Qd4+ 111. Ke2 Qxd5 112. f6+ Kxf6 113. Ke1 Qd3 114. Kf2 Qd2+ 115. Kg1 c4 116. Kh1 c3 117. Kg1 c2 118. Kh1 c1=Q# 0-1

[Event "*** Titled Tuesday Blitz AM"]
[Site "Chess.com"]
[Date "2020.01.07"]
[Round "3"]
[White "Nbk90"]
[Black "DACF2905"]
[Result "1-0"]
[WhiteElo "2555"]
[BlackElo "2208"]
[TimeControl "180+2"]
[EndTime "9:31:36 PST"]
[Termination "Nbk90 won by resignation"]

1. e4 e5 2. Nf3 Nf6 3. Nc3 Nc6 4. a3 Bc5 5. Nxe5 Bxf2+ 6. Kxf2 Nxe5 7. d4 Neg4+ 8. Kg1 d6 9. h3 Nh6 10. Qf3 Nhg8 11.
Bd3 Ne7 12. Bg5 Ng6 13. Nd5 Be6 14. Nxf6+ gxf6 15. Bxf6 Qd7 16. Bxh8 Nxh8 17. d5 1-0

[Event "*** Titled Tuesday Blitz AM"]
[Site "Chess.com"]
[Date "2020.01.07"]
[Round "3"]
[White "ristingho"]
[Black "LonesomeGeorge1"]
[Result "1-0"]
[WhiteElo "2507"]
[BlackElo "2315"]
[TimeControl "180+2"]
[EndTime "9:31:57 PST"]
[Termination "ristingho won by resignation"]

1. d4 Nf6 2. c4 e6 3. Nc3 Bb4 4. e3 O-O 5. Nf3 b6 6. Bd3 Bb7 7. Bd2 d5 8. cxd5 exd5 9. O-O Re8 10. Rc1 a6 11. Ne5 Nbd7 12. f4 Bd6 13. Be1 Ne4 14.
Qh5 Qe7 15. Bh4 Qf8 16. Nxd7 1-0

[Event "*** Titled Tuesday Blitz AM"]
[Site "Chess.com"]
[Date "2020.01.07"]
[Round "3"]
[White "calemcc"]
[Black "JSPrepz"]
[Result "0-1"]
[WhiteElo "2483"]
[BlackElo "2805"]
[TimeControl "180+2"]
[EndTime "9:31:59 PST"]
[Termination "JSPrepz won by resignation"]

1. d4 Nf6 2. c4 c5 3. Nf3 cxd4 4. Nxd4 e5 5. Nb5 d5 6. cxd5 Bb4+ 7. N5c3 Nxd5 8. Bd2 Nc6 9. Nxd5 Qxd5 10. Nc3 Qe6 11.
e3 Qg6 12. Qf3 O-O 13. Bb5 Rd8 14. a3 Ba5 15. Rd1 Bg4 16. Bxc6 Bxf3 17. Bxf3 Qc2 18.
b4 Rxd2 19. Rxd2 Qxc3 0-1

[Event "*** Titled Tuesday Blitz AM"]
[Site "Chess.com"]
[Date "2020.01.07"]
[Round "3"]
[White "SiddharthGMJagadeesh"]
[Black "ChessFunMaker"]
[Result "1-0"]
[WhiteElo "2558"]
[BlackElo "2352"]
[TimeControl "180+2"]
[EndTime "9:32:18 PST"]
[Termination "SiddharthGMJagadeesh won by resignation"]

1. d4 Nf6 2. c4 g6 3. Nc3 Bg7 4. e4 O-O 5. f4 d6 6. Nf3 c5 7.
dxc5 Qa5 8. Bd3 Qxc5 9. Qe2 Nc6 10. Be3 Qa5 11. O-O Ng4 12. Bd2 Qb6+ 13. Kh1 Nd4 14. Nxd4 Bxd4 15. Nd5 Qd8 16. Bc3 Bxc3 17. Nxc3 e6 18. Qxg4 1-0

[Event "*** Titled Tuesday Blitz AM"]
[Site "Chess.com"]
[Date "2020.01.07"]
[Round "3"]
[White "Korona_91"]
[Black "BestByTestbro"]
[Result "1-0"]
[WhiteElo "2565"]
[BlackElo "2181"]
[TimeControl "180+2"]
[EndTime "9:33:19 PST"]
[Termination "Korona_91 won by resignation"]

1. e4 c5 2. Nf3 d6 3. Bb5+ Nd7 4. a4 Nf6 5. Nc3 a6 6. Bc4 e6 7.
O-O Be7 8. d4 cxd4 9. Nxd4 Qc7 10. Bxe6 fxe6 11. Nxe6 Qc4 12. Nxg7+ Kf8 13. Bh6 Kg8 14.
Nf5 Bf8 15. Bxf8 Nxf8 16. Qxd6 Qe6 17. Qg3+ Ng6 18. Rad1 Nxe4 19. Rd8+ Kf7 20. Nxe4 1-0

[Event "*** Titled Tuesday Blitz AM"]
[Site "Chess.com"]
[Date "2020.01.07"]
[Round "3"]
[White "Kirill_Klukin"]
[Black "gmcorrales"]
[Result "0-1"]
[WhiteElo "2698"]
[BlackElo "2868"]
[TimeControl "180+2"]
[EndTime "9:33:25 PST"]
[Termination "gmcorrales won by resignation"]

1. d4 Nf6 2. Nf3 g6 3. e3 Bg7 4.
Be2 O-O 5. O-O b6 6. c4 Bb7 7.
Nc3 d5 8. cxd5 Nxd5 9. Bd2 e6 10.
Rc1 Nd7 11. Bb5 c5 12. Bxd7 Qxd7 13. dxc5 bxc5 14. Na4 c4 15. Bc3 Bc6 16. Nc5 Nxc3 17. Nxd7 Nxd1 18. Rfxd1 Rfd8 19. Nfe5 Ba4 20. Rd4 Bxd7 0-1

[Event "*** Titled Tuesday Blitz AM"]
[Site "Chess.com"]
[Date "2020.01.07"]
[Round "3"]
[White "viktorskliarov"]
[Black "alishersuleymenov"]
[Result "0-1"]
[WhiteElo "2596"]
[BlackElo "2815"]
[TimeControl "180+2"]
[EndTime "9:33:28 PST"]
[Termination "alishersuleymenov won by resignation"]

1. e4 c5 2. Nf3 e6 3. c3 d5 4. e5 Nc6 5. d4 Qb6 6. a3 Nh6 7. b4 cxd4 8. Bxh6 gxh6 9. cxd4 Bg7 10. Nc3 O-O 11. Na4 Qd8 12. Bd3 f6 13. b5 Qa5+ 14. Qd2 Qxa4 15. bxc6 bxc6 16. exf6 Rxf6 17. O-O Rxf3 18. gxf3 Qxd4 19. Rad1 Qf6 20. Qc2 Bd7 21.
Bxh7+ Kh8 22. f4 Qxf4 23. Rfe1 e5 24. Qg6 Rf8 0-1

[Event "*** Titled Tuesday Blitz AM"]
[Site "Chess.com"]
[Date "2020.01.07"]
[Round "3"]
[White "Grieve72"]
[Black "IMRosen"]
[Result "1-0"]
[WhiteElo "2297"]
[BlackElo "2564"]
[TimeControl "180+2"]
[EndTime "9:33:29 PST"]
[Termination "Grieve72 won by checkmate"]

1. d4 d5 2. Bg5 f6 3. Bh4 Nh6 4. e3 Nf5 5. Bg3 h5 6. Be2 h4 7. Bh5+ Kd7 8. Bf4 g5 9. e4 dxe4 10. d5 gxf4 11. Bg4 Ke8 12. Bh5+ Kd7 13. Bg4 e6 14. dxe6+ Kxe6 15. Qxd8 Bb4+ 16. Qd2 Bxd2+ 17. Nxd2 Ke5 18. O-O-O Nd6 19. Ndf3+ exf3 20. Nxf3+ Ke4 21. Rhe1# 1-0

[Event "*** Titled Tuesday Blitz AM"]
[Site "Chess.com"]
[Date "2020.01.07"]
[Round "3"]
[White "Usurpov"]
[Black "manmanlai1"]
[Result "0-1"]
[WhiteElo "2534"]
[BlackElo "2343"]
[TimeControl "180+2"]
[EndTime "9:33:31 PST"]
[Termination "manmanlai1 won by resignation"]

1. e4 c6 2. d4 d5 3. Nc3 dxe4 4. Nxe4 Nf6 5. Nxf6+ exf6 6. c3 Bd6 7. Bd3 O-O 8. Qc2 Re8+ 9. Ne2 h5 10. Bd2 Nd7 11.
O-O-O Nf8 12. Kb1 Be6 13. Nf4 Bxf4 14. Bxf4 b5 15. Be4 Bd5 16. Rhe1 a5 17. Bc1 a4 18. f3 g6 19. Bxd5 Qxd5 20. Bd2 Nd7 21. Rxe8+ Rxe8 22. Re1 Rxe1+ 23. Bxe1 f5 24. Bg3 Qe6 25. Qd2 Kh7 26.
Qe1 Qc4 27. Qd2 Nb6 28. Bd6 Qf1+ 29. Kc2 Nc4 0-1

[Event "*** Titled Tuesday Blitz AM"]
[Site "Chess.com"]
[Date "2020.01.07"]
[Round "3"]
[White "INLOVEWITHF"]
[Black "BocharovD"]
[Result "0-1"]
[WhiteElo "2458"]
[BlackElo "2758"]
[TimeControl "180+2"]
[EndTime "9:33:32 PST"]
[Termination "BocharovD won by resignation"]

1. e4 c5 2. Nf3 d6 3. d4 cxd4 4. Nxd4 Nf6 5. Nc3 a6 6. Bg5 Nbd7 7. Bc4 Qb6 8. Bb3 e6 9. O-O Be7 10. Bxe6 fxe6 11. Nxe6 Kf7 12. Nd5 Nxd5 13. Qxd5 Nf6 14. Nd8+ Ke8 15. Qf7+ Kxd8 16. e5 Rf8 17. Qxg7 Rg8 18.
exf6 Rxg7 19. fxg7 Be6 20. Rfe1 Bxg5 21. Rxe6 Kd7 22. Rae1 Rg8 23. h4 Bxh4 24. g3 Rxg7 0-1

[Event "*** Titled Tuesday Blitz AM"]
[Site "Chess.com"]
[Date "2020.01.07"]
[Round "3"]
[White "PotapovaM"]
[Black "Everyfishknows"]
[Result "1/2-1/2"]
[WhiteElo "2510"]
[BlackElo "2332"]
[TimeControl "180+2"]
[EndTime "9:33:36 PST"]
[Termination "Game drawn by agreement"]

1. d4 Nf6 2. c4 e6 3. Nf3 Bb4+ 4. Nbd2 O-O 5. a3 Be7 6. e4 d6 7. Bd3 e5 8. Nb1 Nbd7 9. Nc3 c6 10. O-O a5 11. Re1 exd4 12. Nxd4 Nc5 13. Bf1 Re8 14. Bf4 Ne6 15. Be3 Qc7 16. Nf5 Bf8 17. h3 Nc5 18.
Bxc5 dxc5 19. Qf3 Qe5 20. Rad1 Bxf5 21. Qxf5 Qxf5 22. exf5 Rxe1 23. Rxe1 Rd8 24. g4 Bd6 25. Ne4 Nxe4 26. Rxe4 Kf8 27. Kg2 Re8 28. Kf3 Be5 29. b3 Bd4 30. Rxe8+ 1/2-1/2

[Event "*** Titled Tuesday Blitz AM"]
[Site "Chess.com"]
[Date "2020.01.07"]
[Round "3"]
[White "MartinMatthiesen"]
[Black "Yaacovn"]
[Result "1-0"]
[WhiteElo "2539"]
[BlackElo "2808"]
[TimeControl "180+2"]
[EndTime "9:33:44 PST"]
[Termination "MartinMatthiesen won by resignation"]

1. d4 Nf6 2. c4 e5 3. dxe5 Ne4 4. a3 d6 5. Nf3 Bf5 6. g3 Nc6 7. exd6 Bxd6 8. Bg2 Qf6 9. O-O O-O-O 10. Qe1 g5 11.
Nfd2 Rhe8 12. Nxe4 Bxe4 13. Nc3 Bxg2 14. Kxg2 Nd4 15.
Qd1 Rxe2 16. Bxg5 Qf3+ 17. Kg1 Qg4 18. Bxd8 Nf3+ 19. Kg2 1-0

[Event "*** Titled Tuesday Blitz AM"]
[Site "Chess.com"]
[Date "2020.01.07"]
[Round "3"]
[White "muran29"]
[Black "ural58"]
[Result "1-0"]
[WhiteElo "2488"]
[BlackElo "2304"]
[TimeControl "180+2"]
[EndTime "9:33:46 PST"]
[Termination "muran29 won by resignation"]

1. d4 d5 2. c4 e5 3. dxe5 d4 4. Nf3 Nc6 5. g3 Nge7 6. Bg2 Ng6 7. O-O Ngxe5 8. Nxe5 Nxe5 9. Nd2 Be7 10. b3 O-O 11. Bb2 c5 12. Nf3 Nc6 13. Re1 Bf6 14. Qd2 Re8 15.
Rad1 Bg4 16. h3 Bh5 17. Ba3 Qb6 18. e3 dxe3 19. Rxe3 Nd4 20. Rde1 Nxf3+ 21. Bxf3 Rxe3 22. Qxe3 Bd4 23. Qe8+ 1-0

[Event "*** Titled Tuesday Blitz AM"]
[Site "Chess.com"]
[Date "2020.01.07"]
[Round "3"]
[White "Duhless"]
[Black "Korchmar_Vasiliy"]
[Result "1-0"]
[WhiteElo "3100"]
[BlackElo "2758"]
[TimeControl "180+2"]
[EndTime "9:33:47 PST"]
[Termination "Duhless won by resignation"]

1. c4 c5 2. Nf3 Nc6 3. d4 cxd4 4. Nxd4 Nf6 5. Nc3 Qb6 6. Nb3 e6 7. e4 Bb4 8. Bd3 Ne5 9. O-O Bxc3 10. bxc3 Qd6 11. Nd4 Nxd3 12. Nb5 Qe5 13. Qxd3 O-O 14. Nd6 b6 15. Ba3 Ba6 16. f4 Qh5 17. Rf3 Rfd8 18.
Rh3 Qa5 19. Bb4 Qa4 20. e5 1-0

[Event "*** Titled Tuesday Blitz AM"]
[Site "Chess.com"]
[Date "2020.01.07"]
[Round "3"]
[White "Svet99"]
[Black "ViennaRocket"]
[Result "0-1"]
[WhiteElo "2143"]
[BlackElo "2385"]
[TimeControl "180+2"]
[EndTime "9:33:49 PST"]
[Termination "ViennaRocket won by resignation"]

1. c4 f5 2. Nc3 Nf6 3. d4 g6 4. Nf3 Bg7 5. g3 O-O 6. Bg2 d6 7. Bf4 Qe8 8. d5 e5 9. dxe6 Bxe6 10. Nd4 Nc6 11. Nxe6 Qxe6 12. Nd5 Qd7 13. O-O Rae8 14.
e3 Ne4 15. Qc2 a5 16. a3 h6 17. Rab1 g5 18. Rfd1 gxf4 19. Nxf4 Qf7 20. c5 Be5 21. Nd5 Nxc5 22. b4 axb4 23. axb4 Ne4 24. Bxe4 fxe4 25. b5 Ne7 26. Nxc7 Rc8 27. b6 d5 28. Qa4 Qxf2+ 29. Kh1 Qf3+ 30. Kg1 Qxe3+ 31. Kh1 Qf3+ 32. Kg1 Bxg3 33.
hxg3 Qxg3+ 34. Kh1 Rf5 0-1

[Event "*** Titled Tuesday Blitz AM"]
[Site "Chess.com"]
[Date "2020.01.07"]
[Round "3"]
[White "IMUltimateBeast"]
[Black "bluejay1897"]
[Result "1-0"]
[WhiteElo "2603"]
[BlackElo "2363"]
[TimeControl "180+2"]
[EndTime "9:33:54 PST"]
[Termination "IMUltimateBeast won by resignation"]

1. d4 Nf6 2. Bf4 e6 3. e3 c5 4. c3 d5 5. Nd2 Nc6 6. Bd3 Bd6 7. Bxd6 Qxd6 8. f4 b6 9. Ngf3 Bb7 10. O-O O-O 11. Ne5 Ne7 12. Qf3 Nf5 13. g4 Ne7 14. g5 Nd7 15. Qh5 g6 16. Qh6 Nf5 17. Bxf5 exf5 18.
Rf3 Rfe8 19. Nxd7 Qxd7 20. Rh3 f6 21. gxf6 Re6 22. Nf3 Rxf6 23. Ng5 Re8 24. Nxh7 Rd6 25. Ng5 Qg7 26. Qxg7+ Kxg7 27. Rh7+ 1-0

[Event "*** Titled Tuesday Blitz AM"]
[Site "Chess.com"]
[Date "2020.01.07"]
[Round "3"]
[White "CuteRook"]
[Black "szefru"]
[Result "1-0"]
[WhiteElo "2381"]
[BlackElo "2108"]
[TimeControl "180+2"]
[EndTime "9:33:58 PST"]
[Termination "CuteRook won by resignation"]

1. d4 Nf6 2. Nf3 g6 3. g3 Bg7 4. Bg2 O-O 5. O-O d6 6. b3 Nc6 7. Bb2 Re8 8. c4 e5 9. dxe5 Ng4 10. Nc3 Ncxe5 11. Nxe5 Nxe5 12. Kh1 c6 13. Ne4 d5 14. cxd5 cxd5 15. Nc5 Qd6 16. Qd4 b6 17. Bxd5 bxc5 18. Bxf7+ Kxf7 19. Qxd6 Bb7+ 20. Kg1 Nf3+ 21. exf3 Bxb2 22.
Rae1 Bd4 23. Qc7+ 1-0

[Event "*** Titled Tuesday Blitz AM"]
[Site "Chess.com"]
[Date "2020.01.07"]
[Round "3"]
[White "Alex_Molchanov"]
[Black "smshk35"]
[Result "1-0"]
[WhiteElo "2608"]
[BlackElo "2339"]
[TimeControl "180+2"]
[EndTime "9:34:00 PST"]
[Termination "Alex_Molchanov won by resignation"]

1. d4 Nf6 2. Nf3 g6 3. g3 Bg7 4. Bg2 O-O 5. c4 d6 6. O-O c6 7. Nc3 Bf5 8. Ne1 Be6 9. b3 d5 10. cxd5 cxd5 11. Nd3 Bc8 12. Bg5 e6 13. Rc1 h6 14. Bxf6 Qxf6 15. e3 b6 16. Nxd5 exd5 17.
Bxd5 Nd7 18. Bxa8 Ba6 19. Bc6 Qd6 20. Re1 Nf6 21. Ne5 Rc8 22. Qf3 Qe6 23. Bb7 Bxb7 24. Qxb7 Rxc1 25. Rxc1 Nd5 26. Qc8+ Qxc8 27. Rxc8+ 1-0

[Event "*** Titled Tuesday Blitz AM"]
[Site "Chess.com"]
[Date "2020.01.07"]
[Round "3"]
[White "alex_zapata"]
[Black "esskeettit"]
[Result "0-1"]
[WhiteElo "2294"]
[BlackElo "2451"]
[TimeControl "180+2"]
[EndTime "9:34:02 PST"]
[Termination "esskeettit won by resignation"]

1. e4 c5 2. Nf3 Nc6 3. d4 cxd4 4. Nxd4 g6 5. Nc3 Bg7 6. Be3 Nf6 7. Nxc6 bxc6 8. e5 Ng8 9. f4 Nh6 10. Qd2 Nf5 11.
Bf2 h5 12. O-O-O d5 13. Bd3 Qa5 14. h3 h4 15. Qe1 Bh6 16. Qd2 Qb4 17. Ne2 Qa4 18. Kb1 Rb8 19. Be4 Qxe4 0-1

[Event "*** Titled Tuesday Blitz AM"]
[Site "Chess.com"]
[Date "2020.01.07"]
[Round "3"]
[White "Andrii_Prydun"]
[Black "kkpanu9"]
[Result "1-0"]
[WhiteElo "2370"]
[BlackElo "2090"]
[TimeControl "180+2"]
[EndTime "9:34:11 PST"]
[Termination "Andrii_Prydun won by resignation"]

1. d4 Nf6 2. c4 e6 3. Nc3 Bb4 4.
e3 O-O 5. Ne2 Re8 6. a3 Bf8 7. Ng3 d5 8. Bd3 dxc4 9. Bxc4 c5 10.
O-O Nc6 11. dxc5 Bxc5 12. b4 Be7 13. Bb2 a6 14. Be2 Qc7 15. Rc1 Rd8 16. Qc2 Bd7 17.
Nce4 Be8 18. Nxf6+ Bxf6 19. Bxf6 gxf6 20. Qe4 Qe5 21. Qh4 Qg5 22. Qxg5+ fxg5 23. Ne4 h6 24. Nc5 Rab8 25. Rfd1 a5 26. b5 Na7 27. b6 Nb5 28.
Rxd8 Rxd8 29. Nxb7 Rd2 30. Bxb5 Bxb5 31. Nd6 Rxd6 32.
b7 Rd8 33. Rc8 1-0

[Event "*** Titled Tuesday Blitz AM"]
[Site "Chess.com"]
[Date "2020.01.07"]
[Round "3"]
[White "TregubovP"]
[Black "GMCarbone"]
[Result "1-0"]
[WhiteElo "2565"]
[BlackElo "2252"]
[TimeControl "180+2"]
[EndTime "9:34:25 PST"]
[Termination "TregubovP won by resignation"]

1. e4 c5 2. Nf3 Nc6 3. c3 d6 4.
d4 Nf6 5. d5 Nb8 6. Bd3 g6 7.
O-O Bg7 8. h3 O-O 9. c4 Na6 10.
Nc3 Rb8 11. Re1 Nc7 12. e5 dxe5 13. Nxe5 Bd7 14. Bf4 Nfe8 15. Qe2 Bc8 16. Ng4 Bxg4 17. hxg4 b5 18. cxb5 c4 19. Bxc4 Nd6 20. Qxe7 Rb6 21. Qxd8 Rxd8 22. Na4 1-0

[Event "*** Titled Tuesday Blitz AM"]
[Site "Chess.com"]
[Date "2020.01.07"]
[Round "3"]
[White "Ovsiannikov_Maxim"]
[Black "crazy_machine"]
[Result "0-1"]
[WhiteElo "2424"]
[BlackElo "2676"]
[TimeControl "180+2"]
[EndTime "9:34:33 PST"]
[Termination "crazy_machine won by resignation"]

1. d4 Nf6 2. Bg5 d6 3. Nd2 Nbd7 4. e4 h6 5. Bh4 g6 6. Ngf3 c6 7. Bd3 Bg7 8. O-O O-O 9. Re1 e5 10. c3 Qe7 11. dxe5 Nxe5 12. Nxe5 dxe5 13. Nf3 g5 14.
Bg3 Nh5 15. Bc4 Nxg3 16. hxg3 Bg4 17. Qb3 b5 18. Bf1 Qf6 19. Nh2 Be6 20. Qc2 Rfd8 21. Red1 g4 22. Be2 h5 23. Nf1 h4 24. gxh4 Qxh4 25.
g3 Qh5 26. Rxd8+ Rxd8 27. Rd1 Rc8 28. b3 Bf6 29. Ne3 Kg7 30. Bf1 Bg5 31. Nf5+ Kf6 32. Bg2 Qh7 33. Nd6 Rd8 34. c4 b4 35. c5 a5 36. Nb7 Ra8 37. Rd8 Ra7 38. Nd6 Kg6 39. Bf1 Bxd8 0-1

[Event "*** Titled Tuesday Blitz AM"]
[Site "Chess.com"]
[Date "2020.01.07"]
[Round "3"]
[White "Keranke"]
[Black "DanielNaroditsky"]
[Result "0-1"]
[WhiteElo "2747"]
[BlackElo "3094"]
[TimeControl "180+2"]
[EndTime "9:34:42 PST"]
[Termination "DanielNaroditsky won by resignation"]

1. d4 Nf6 2. c4 g6 3. Nc3 Bg7 4. g3 O-O 5. Bg2 d6 6. Nf3 Nbd7 7. O-O c6 8. b3 e5 9. Qc2 exd4 10. Nxd4 Re8 11. Bb2 Nc5 12. Rad1 a5 13. Ba3 Qe7 14. Rfe1 h5 15. h3 Na6 16. Na4 Nb4 17. Bxb4 axb4 18. Nb6 Ra6 19. Nxc8 Rxc8 20. Qd2 Rca8 21. Qxb4 Rxa2 22.
Nf3 Ne4 23. Rd3 c5 24. Qb5 R2a5 0-1

[Event "*** Titled Tuesday Blitz AM"]
[Site "Chess.com"]
[Date "2020.01.07"]
[Round "3"]
[White "ChessQueen"]
[Black "Gogolev_Artemy"]
[Result "1-0"]
[WhiteElo "2673"]
[BlackElo "2411"]
[TimeControl "180+2"]
[EndTime "9:34:49 PST"]
[Termination "ChessQueen won by resignation"]

1. e4 c5 2. c3 Nf6 3. e5 Nd5 4. Nf3 d6 5. exd6 e6 6. d4 Bxd6 7. Bb5+ Bd7 8. Bd3 cxd4 9. Nxd4 O-O 10. Qh5 g6 11. Qh6 Nc6 12. Nf3 Ne5 13. Nxe5 Bxe5 14.
O-O Bg7 15. Qh3 e5 16. Qg3 Bc6 17. Bc4 Nb6 18. Bb3 a5 19. Bg5 Qe8 20. Nd2 a4 21. Bc2 h6 22. Be3 Nd7 23. Qh3 Kh7 24. Ne4 f5 25. Nd6 Qe6 26. Rfd1 Rad8 27. b3 f4 28.
Qxe6 1-0

[Event "*** Titled Tuesday Blitz AM"]
[Site "Chess.com"]
[Date "2020.01.07"]
[Round "3"]
[White "M1711"]
[Black "Iyael"]
[Result "1-0"]
[WhiteElo "2532"]
[BlackElo "2078"]
[TimeControl "180+2"]
[EndTime "9:34:49 PST"]
[Termination "M1711 won by checkmate"]

1. e4 c5 2. Nf3 Nc6 3. d4 cxd4 4.
Nxd4 Nf6 5. Nc3 e5 6. Ndb5 d6 7. Bg5 a6 8. Na3 b5 9. Nd5 Be7 10. Bxf6 Bxf6 11. c3 O-O 12. Nc2 Bg5 13. h4 Bh6 14. g4 Bf4 15. Qf3 Be6 16. Bd3 Rb8 17.
g5 a5 18. Nxf4 exf4 19. Qxf4 Ne5 20. Be2 b4 21. Ne3 bxc3 22. bxc3 Qc7 23. O-O Rb2 24.
Rfe1 Qxc3 25. h5 Rxe2 26. Rec1 Qa3 27. Rd1 Nd3 28. Qg3 Nxf2 29. Re1 Nxe4 30. Qf4 Nc3 31. h6 g6 32. Qf6 Qb2 33. Qg7# 1-0

[Event "*** Titled Tuesday Blitz AM"]
[Site "Chess.com"]
[Date "2020.01.07"]
[Round "3"]
[White "Daniel-2003"]
[Black "Anton_Demchenko"]
[Result "1-0"]
[WhiteElo "2351"]
[BlackElo "2981"]
[TimeControl "180+2"]
[EndTime "9:34:53 PST"]
[Termination "Daniel-2003 won by resignation"]

1. e4 e5 2. Nf3 Nc6 3. Bc4 Nf6 4. d3 Be7 5. O-O O-O 6. c3 d6 7.
Nbd2 Kh8 8. Bb3 Ng8 9. d4 Bg4 10.
h3 Bh5 11. g4 Bg6 12. Qe2 exd4 13. Nxd4 Nxd4 14. cxd4 d5 15. e5 f5 16. f4 c5 17.
Nf3 Qc8 18. g5 cxd4 19. Nxd4 Bc5 20. Be3 Ne7 21. Rac1 b6 22. Nb5 Bh5 23. Qf2 Bxe3 24. Qxe3 Qd7 25. Nd6 Rad8 26. Qd4 h6 27. gxh6 gxh6 28.
e6+ 1-0

[Event "*** Titled Tuesday Blitz AM"]
[Site "Chess.com"]
[Date "2020.01.07"]
[Round "3"]
[White "SergeyShtyka"]
[Black "Borsuk_Konstantin"]
[Result "1-0"]
[WhiteElo "2349"]
[BlackElo "2519"]
[TimeControl "180+2"]
[EndTime "9:34:55 PST"]
[Termination "SergeyShtyka won by resignation"]

1. e4 e6 2. Nf3 d5 3. e5 c5 4. b4 cxb4 5. a3 Nc6 6. axb4 Bxb4 7. c3 Bf8 8. d4 a6 9. Bd3 h6 10. O-O Nge7 11. Ba3 Bd7 12. Nbd2 Na5 13. c4 dxc4 14. Nxc4 Nxc4 15. Bxc4 Bc6 16. Qd3 Nd5 17. Bxf8 Kxf8 18. Rfc1 g6 19. Bxa6 Kg7 20. Bb5 Rxa1 21. Rxa1 Nf4 22.
Qb3 Bxf3 23. Qxf3 Qxd4 24. Ra4 Qxe5 25. Rxf4 Rf8 26. Bf1 b6 27. Re4 Qc5 28. Rc4 Qd6 29.
Qc3+ e5 30. Rc6 Qb8 31. Qb2 1-0

[Event "*** Titled Tuesday Blitz AM"]
[Site "Chess.com"]
[Date "2020.01.07"]
[Round "3"]
[White "levallem"]
[Black "FearlessKing64"]
[Result "1/2-1/2"]
[WhiteElo "2182"]
[BlackElo "2385"]
[TimeControl "180+2"]
[EndTime "9:34:55 PST"]
[Termination "Game drawn by agreement"]

1. d4 Nf6 2. c4 g6 3. Nc3 d5 4. cxd5 Nxd5 5. e4 Nxc3 6. bxc3 Bg7 7. Qa4+ Qd7 8. Qxd7+ Bxd7 9. Be3 c5 10. Nf3 Nc6 11.
Rd1 O-O 12. Be2 Rac8 13. O-O cxd4 14. cxd4 Nb4 15. Rd2 Nc2 16. Rb1 Nxe3 17. fxe3 b6 18. Bd3 Rc3 19. Kf2 Rfc8 20. e5 e6 21. Rbb2 Bf8 22.
Ng5 Ba3 23. Rbc2 Bc1 24. Rxc3 Rxc3 25. Rc2 Rxc2+ 26. Bxc2 h5 27. Ne4 Kf8 28. Bd3 Ke7 29.
Nd6 Ba3 30. Nb5 Bxb5 31. Bxb5 1/2-1/2

[Event "*** Titled Tuesday Blitz AM"]
[Site "Chess.com"]
[Date "2020.01.07"]
[Round "3"]
[White "Saloni1299"]
[Black "dianosky"]
[Result "1-0"]
[WhiteElo "2074"]
[BlackElo "2313"]
[TimeControl "180+2"]
[EndTime "9:35:03 PST"]
[Termination "Saloni1299 won by resignation"]

1. e4 c5 2. Nf3 a6 3. c3 b6 4. d4 Bb7 5. Bd3 Qc7 6. O-O e6 7.
Qe2 d6 8. Bf4 Nd7 9. Nbd2 e5 10.
Bg3 b5 11. a4 c4 12. Bc2 Be7 13. Nh4 Bxh4 14. Bxh4 Ngf6 15. f4 O-O 16. fxe5 dxe5 17. d5 Kh8 18. Nf3 Nh5 19. g3 h6 20. Be7 Rfe8 21.
d6 Qb6+ 22. Kh1 Qc5 23. Nh4 Nhf6 24. Nf5 Qc6 25. Rae1 Nc5 26. Bxf6 gxf6 27. Qh5 1-0

[Event "*** Titled Tuesday Blitz AM"]
[Site "Chess.com"]
[Date "2020.01.07"]
[Round "3"]
[White "Gabrielian_Artur"]
[Black "Artem_Ilyin"]
[Result "1-0"]
[WhiteElo "2818"]
[BlackElo "2528"]
[TimeControl "180+2"]
[EndTime "9:35:15 PST"]
[Termination "Gabrielian_Artur won by resignation"]

1. d4 d5 2. c4 e6 3. Nc3 Nf6 4. Nf3 Be7 5. Bg5 Nbd7 6. e3 h6 7. Bh4 O-O 8. Rc1 c5 9. cxd5 Nxd5 10. Bxe7 Nxe7 11. Bd3 cxd4 12. exd4 Nf6 13. O-O b6 14. Re1 Bb7 15. Ne5 Rc8 16. Re3 Ned5 17. Rg3 Qd6 18. Qd2 Kh8 19. Re1 Ne7 20. Nb5 Qb8 21. Rh3 Neg8 22. g4 a6 23. g5 axb5 24. gxf6 Nxf6 25. Rxh6+ Kg8 26. Rxf6 gxf6 27. Qh6 f5 28. Nd7 1-0

[Event "*** Titled Tuesday Blitz AM"]
[Site "Chess.com"]
[Date "2020.01.07"]
[Round "3"]
[White "Last7Samurai"]
[Black "2nd_life"]
[Result "1-0"]
[WhiteElo "2823"]
[BlackElo "2487"]
[TimeControl "180+2"]
[EndTime "9:35:17 PST"]
[Termination "Last7Samurai won on time"]

1. d4 Nf6 2. Bg5 e6 3. Nf3 h6 4.
Bh4 c5 5. e3 b6 6. Nbd2 Bb7 7.
Bd3 Be7 8. c3 cxd4 9. exd4 d6 10. O-O Nbd7 11. Re1 O-O 12. a4 a6 13. h3 Nh5 14.
Bxe7 Qxe7 15. Nc4 Nf4 16. Bf1 g5 17. Ne3 Qf6 18. Nh2 Qg7 19. g3 Ng6 20. d5 Nde5 21. Bg2 Rfd8 22. Qh5 Nd3 23. Red1 Nc5 24. Nhg4 Kh7 25. b4 Nd7 26. dxe6 Bxg2 27. Nf5 Nf6 28.
Qxh6+ Qxh6 29. Nxf6+ Kh8 30. Nxh6 Kg7 31. Nxf7 Kxf6 32.
Nxd8 Be4 33. Rxd6 Ne5 34. f4 gxf4 35. gxf4 Nf3+ 36. Kf2 1-0